 Dungeon Crawl Stone Soup version 0.32-a0-39-g5c88369fb2 (webtiles) character file.

Game seed: 1780613053198861869

93 Ge0ff the Magician (level 4, -2/35 HPs)
             Began as a Mummy Cinder Acolyte on Jan 30, 2024.
             Was a High Priest of Ignis.
             Slain by Crazy Yiuf
             ... wielding a +4 quarterstaff of chaos
              (6 damage)
             ... on level 2 of the Dungeon.
             The game lasted 00:02:49 (1829 turns).

Ge0ff the Magician (Mummy Cinder Acolyte)           Turns: 1829, Time: 00:02:50

Health: -2/35      AC:  2    Str: 17    XL:     4   Next: 36%
Magic:  0/8        EV: 11    Int: 21    God:    Ignis [*****.]
Gold:   163        SH:  0    Dex:  7    Spells: 7/9 levels left

rFire   . . .        a - -1 spear (flame)
rCold   + . .        (no shield)
rNeg    + + +        h - +0 robe
rPois   ∞            (no helmet)
rElec   .            (no cloak)
rCorr   .            (no gloves)
SInv    .            (no boots)
Will    .....        (no amulet)
Stlth   ++           e - +6 ring of intelligence
HPRegen 0.25/turn    (no ring)
MPRegen 0.11/turn

%: faith
@: very slightly contaminated
A: cold resistance 1, negative energy resistance 3, torment resistance 2, heat
vulnerability 1, in touch with death 1, no potions, faith
a: Renounce Religion, Fiery Armour, Foxfire Swarm, Rising Flame


You were on level 2 of the Dungeon.
You worshipped Ignis.
Ignis was extremely pleased with you.
You visited 1 branch of the dungeon, and saw 2 of its levels.

You collected 163 gold pieces.

Inventory:

Hand Weapons
 a - a -1 spear of flaming (weapon)
Missiles
 c - 16 stones
 i - 6 poisoned darts
Armour
 h - a +0 robe (worn)
Magical Staves
 b - a staff of air
Jewellery
 e - a +6 ring of intelligence (left hand)
Scrolls
 d - 2 scrolls of identify {unknown}
 f - a scroll of brand weapon {unknown}
 g - a scroll of poison {unknown}


   Skills:
 - Level 3.0 Fighting
 - Level 2.4 Polearms
 - Level 2.0 Stealth
 + Level 3.2 Spellcasting
 + Level 3.1 Fire Magic


You had 7 spell levels left.
You knew the following spells:

 Your Spells              Type           Power      Damage    Failure   Level
C - Scorch                Fire           32%        2d6       5%          2

Your spell library contained the following spells:

 Spells                   Type           Power      Damage    Failure   Level


Dungeon Overview and Level Annotations

Branches:
Dungeon (2/15) Zot: 10164

Altars:

Annotations:
D:2 Crazy Yiuf


Innate Abilities, Weirdness & Mutations

You are immune to poison.
Your flesh is cold resistant. (rC+)
You are immune to negative energy. (rN+++)
You are immune to unholy pain and torment.
You are vulnerable to heat. (rF-)
You are in touch with the powers of death.
You do not drink.
You have a special connection with the divine. (Faith)


Message History

c - 16 stones (gained 6)
A rat comes into view.
The rat squeaks loudly.
Flames lash the rat.
You kill the rat!
You now have 158 gold pieces (gained 8).
A goblin comes into view. It is wielding a +0 dagger.
A goblin is nearby!
Found a bubbling blue potion.
The goblin shouts!
You miscast Scorch.
You are very lightly contaminated with residual magic.
Nothing appears to happen.
The goblin hits you with a +0 dagger.
Flames lash the goblin.
You kill the goblin!
You see here a +0 dagger.
Your magical contamination has completely faded away.
Found an escape hatch in the ceiling.
You see here a bubbling blue potion.
You now have 163 gold pieces (gained 5).
There is a stone staircase leading down here.
Found a hammer.
Found a runed translucent door.
You open the door.
Crazy Yiuf shouts!
There is an open translucent door here.
Casting: Scorch (safe; 5% risk of failure)
Confirm with . or Enter, or press ? or * to list all spells.
Flames lash Crazy Yiuf.
Crazy Yiuf is moderately wounded.
Crazy Yiuf's fire resistance burns away.
Casting: Scorch (safe; 5% risk of failure)
Confirm with . or Enter, or press ? or * to list all spells.
Flames lash Crazy Yiuf.
Crazy Yiuf is burned terribly!
Crazy Yiuf is heavily wounded.
Crazy Yiuf closely misses you.
Casting: Scorch (safe; 5% risk of failure)
Confirm with . or Enter, or press ? or * to list all spells.
You miscast Scorch.
You are very lightly contaminated with residual magic.
Nothing appears to happen.
Crazy Yiuf hits you with a +4 quarterstaff of chaos!
Crazy Yiuf burns you.
Casting: Scorch (safe; 5% risk of failure)
Confirm with . or Enter, or press ? or * to list all spells.
Flames lash Crazy Yiuf.
Crazy Yiuf is burned terribly!
Crazy Yiuf is severely wounded.
Crazy Yiuf hits you with a +4 quarterstaff of chaos!
* * * LOW HITPOINT WARNING * * *
Crazy Yiuf burns you.
You die...

.<#########
#....#
####.##< #.#
#....#
########.###
.. #...##
#........#
.. ##.##
##########
#.## ##.#
#.## ##.#
#@# #.g.#
#...# #..)#
#####


You could see Crazy Yiuf (combustible).

Vanquished Creatures
  3 adders (D:2)
  3 dart slugs
  6 endoplasms (D:1)
  7 hobgoblins
  3 quokkas (D:1)
  5 ball pythons
  5 bats
  2 frilled lizards
  19 goblins
  2 kobolds (D:1)
  3 rats
58 creatures vanquished.

Notes
Turn   | Place    | Note
-------+----------+-------------------------------------------
     0 | D:1      | Ge0ff the Mummy Cinder Acolyte began the quest for the Orb.
     0 | D:1      | Reached XP level 1. HP: 18/18 MP: 2/2
   247 | D:1      | Reached XP level 2. HP: 10/24 MP: 4/4
   250 | D:1      | Learned a level 2 spell: Scorch
   638 | D:1      | Reached skill level 1 in Stealth
   880 | D:1      | Reached XP level 3. HP: 29/29 MP: 1/6
  1393 | D:2      | Reached XP level 4. HP: 26/35 MP: 6/8
  1820 | D:2      | Found a runed translucent door.
  1821 | D:2      | Noticed Crazy Yiuf
  1829 | D:2      | Slain by Crazy Yiuf

Illustrated notes

Levels and vault maps discovered:
D:1:      lightli_arrival_boilingwater, layout_basic,
          minmay_misc_feat_four_crosses, st_stairs_11, serial_bayou_ford_a
D:2:      cheibrodos_greedy_goblins, layout_basic, minmay_tripent,
          uniq_crazy_yiuf_cottage

Skill      XL: |  1  2  3  4 |
---------------+-------------+-----
Spellcasting   | 2 3 |  3.2
Stealth        | 1 2 |  2.0
Fire Magic     | 3 |  3.1
Fighting       | |  3.0
Polearms       | |  2.4

Action                     |  1- 3 |  4- 6 || total
---------------------------+-------+-------++-------
  Melee: Spear             |    74 |    12 ||    86
   Cast: Scorch            |    30 |    11 ||    41
 Invoke: Fiery Armour      |     2 |       ||     2
 Armour: Robe              |    59 |    13 ||    72
  Dodge: Dodged            |    56 |    16 ||    72

Table legend: (Time is in decaauts)
 A = Elapsed time spent in this place.
 B = Non-inter-level travel time spent in this place.
 C = Inter-level travel time spent in this place.
 D = Time resting spent in this place.
 E = Time spent auto-exploring this place.
 F = Levels seen in this place.
 G = Mean time per level.
                   A        B        C        D        E       F      G
               +--------+--------+--------+--------+--------+-----+--------+
         Total |   1834 |   1819 |     15 |     10 |   1459 |   2 |  917.0 |
       Dungeon |   1834 |   1819 |     15 |     10 |   1459 |   2 |  917.0 |
               +--------+--------+--------+--------+--------+-----+--------+

Top non-repeatable levels by time:
     D:1: 1139 daAuts
     D:2: 695 daAuts
